 Dungeon Sprint DCSS version 0.24.0-37-gcf1ca852f1 (console) character file.

Game seed: 9861779695155548542, levelgen mode: deterministic

943 Morrissey the Basher (level 8, -3/56 HPs)
             Began as a Gargoyle Fighter on Nov 24, 2019.
             Was the Champion of Makhleb.
             Slain by a polar bear (14 damage)
             ... in the Dungeon (Sprint VII: "The Pits").
             The game lasted 00:02:06 (768 turns).

Morrissey the Basher (Gargoyle Fighter)              Turns: 768, Time: 00:02:07

Health: -3/56      AC: 17    Str: 22    XL:     8   Next: 12%
Magic:  8/8        EV:  8    Int:  9    God:    Makhleb [******]
Gold:   0          SH: 11    Dex:  9    Spells: 7/7 levels left

rFire    . . .     SeeInvis .   a - +1 mace (crush)
rCold    . . .     Gourm    .   c - +0 shield
rNeg     + . .     Faith    .   s - +3 scale mail
rPois    ∞         Spirit   .   (no helmet)
rElec    +         Reflect  .   (no cloak)
rCorr    .         Harm     .   (no gloves)
MR       .....     NoTele   +   (no boots)
Stlth    ..........             (no amulet)
HPRegen  0.18/turn              (no ring)
MPRegen  0.11/turn              (no ring)

@: slowed, very slow
A: negative energy resistance 1, electricity resistance, unbreathing,
petrification resistance, rot immunity, AC +5
a: Minor Destruction, Lesser Servant of Makhleb, Major Destruction, Greater
Servant of Makhleb, Renounce Religion


You were in the Dungeon.
You worshipped Makhleb.
Makhleb was exalted by your worship.
You were not hungry.

You visited 1 branch

Inventory:

Hand Weapons
 a - a +1 mace of crushing (weapon)
 l - a +2 hand axe
 r - a +0 flail
Armour
 c - a +0 shield (worn)
 s - a +3 scale mail (worn)
Scrolls
 k - a scroll of blinking
 n - 3 scrolls of remove curse
 o - 5 scrolls of amnesia
 p - a scroll of summoning
Potions
 d - a potion of might
 e - 6 potions of curing
 g - 6 potions of heal wounds
 h - a potion of haste
 i - 4 potions of magic
 j - 3 potions of berserk rage
 m - 2 potions of invisibility
Comestibles
 b - 3 chunks of flesh
 f - 9 rations


   Skills:
 + Level 9.2 Fighting
 * Level 11.0 Maces & Flails
 + Level 9.1 Armour
 + Level 9.1 Shields


You had 7 spell levels left.
You didn't know any spells.
Your spell library was empty.

Dungeon Overview and Level Annotations

Branches:
Dungeon (1/1)

Altars:
Ashenzari
Cheibriados
Dithmenos
Elyvilon
Fedhas
Gozag
Hepliaklqana
Kikubaaqudgha
Makhleb
Nemelex Xobeh
Okawaru
Qazlal
Ru
Sif Muna
Trog
Uskayaw
Vehumet
Wu Jian
Xom
Yredelemnul
Zin
The Shining One
Beogh
Jiyva
Lugonu


Innate Abilities, Weirdness & Mutations

You are resistant to torment.
Your stone body is resilient. (AC +5)
You are immune to poison.
You resist negative energy. (rN+)
You are resistant to electric shocks. (rElec)
You can survive without breathing.
You are immune to petrification.
You are immune to rotting.


Message History

The polar bear is heavily wounded.
You block the polar bear's attack.
The polar bear claws you but does no damage.
The polar bear barely misses you. x2; You block the polar bear's attack.
The polar bear closely misses you.
You sock the polar bear!
The polar bear is almost dead.
The polar bear goes berserk!
You closely miss the polar bear.
The polar bear is almost dead.
The polar bear bites you!
* * * LOW HITPOINT WARNING * * *
The polar bear barely misses you. The polar bear claws you.
* * * LOW HITPOINT WARNING * * *
You block the polar bear's attack. x2; The polar bear claws you.
* * * LOW HITPOINT WARNING * * *
You hit the polar bear but do no damage.
The polar bear is almost dead.
The polar bear bites you!
You die...

#.#..#..#))##.......#
#.#÷.#..#..##.......#
#.##÷#..#'###...<...#
#.#........##.......#
#†#........##.......#
#'###########.......#
#.......#.. #########
#.......#.# ####
#...#...#@#....#
#..###..#h#....#
#...#...#oo.o..+
#....†..#'#....#
#.......).#....#
########### ####


You could see a polar bear (berserk) and 2 orcs.

Vanquished Creatures
  A wraith (D)
  A floating eye (D)
  A porcupine (D)
  An orc warrior (D)
  A sky beast (D)
  2 necrophages (D)
  A gnoll sergeant (D)
  A scorpion (D)
  2 orc wizards (D)
  A mummy (D)
  A gnoll (D)
  An adder (D)
  A river rat (D)
  An ooze (D)
  An ufetubus (D)
  An orc (D)
  2 giant cockroaches (D)
  4 jackals (D)
  2 quokkas (D)
  2 bats (D)
28 creatures vanquished.

Notes
Turn   | Place    | Note
-------+----------+-------------------------------------------
     0 | D        | Morrissey the Gargoyle Fighter began the quest for the Orb.
     0 | D        | Reached XP level 1. HP: 14/14 MP: 1/1
    48 | D        | Found a glowing golden altar of the Shining One.
    48 | D        | Found a glowing silver altar of Zin.
    48 | D        | Found a basalt altar of Yredelemnul.
    48 | D        | Found a shimmering altar of Xom.
    48 | D        | Found an ornate altar of the Wu Jian Council.
    48 | D        | Found a bloodstained altar of Trog.
    48 | D        | Found a shimmering blue altar of Sif Muna.
    48 | D        | Found a sacrificial altar of Ru.
    48 | D        | Found a stormy altar of Qazlal.
    48 | D        | Found an iron altar of Okawaru.
    48 | D        | Found a sparkling altar of Nemelex Xobeh.
    48 | D        | Found a burning altar of Makhleb.
    48 | D        | Found a viscous altar of Jiyva.
    48 | D        | Found a hazy altar of Hepliaklqana.
    48 | D        | Found an opulent altar of Gozag.
    48 | D        | Found a blossoming altar of Fedhas.
    48 | D        | Found a white marble altar of Elyvilon.
    48 | D        | Found a shadowy altar of Dithmenos.
    48 | D        | Found a snail-covered altar of Cheibriados.
    49 | D        | Found a radiant altar of Vehumet.
    49 | D        | Found a corrupted altar of Lugonu.
    49 | D        | Found a roughly hewn altar of Beogh.
    52 | D        | Found a shattered altar of Ashenzari.
    52 | D        | Found an ancient bone altar of Kikubaaqudgha.
    52 | D        | Found a hide-covered altar of Uskayaw.
    71 | D        | Became a worshipper of Makhleb the Destroyer
    91 | D        | Reached skill level 3 in Maces & Flails
    91 | D        | Reached XP level 2. HP: 9/20 MP: 2/2
   268 | D        | Reached * piety under Makhleb
   288 | D        | Reached ** piety under Makhleb
   300 | D        | Reached skill level 4 in Maces & Flails
   302 | D        | Reached *** piety under Makhleb
   302 | D        | Reached XP level 3. HP: 21/24 MP: 3/3
   385 | D        | Noticed a floating eye
   385 | D        | Noticed a necrophage
   385 | D        | Noticed a necrophage
   390 | D        | Paralysed by a floating eye for 2 turns
   395 | D        | Paralysed by a floating eye for 2 turns
   398 | D        | Paralysed by a floating eye for 2 turns
   401 | D        | Killed a necrophage
   401 | D        | Reached **** piety under Makhleb
   401 | D        | Reached skill level 5 in Fighting
   401 | D        | Reached skill level 6 in Maces & Flails
   401 | D        | Reached skill level 5 in Armour
   401 | D        | Reached skill level 5 in Shields
   401 | D        | Reached XP level 4. HP: 31/32 MP: 4/4
   401 | D        | Reached XP level 5. HP: 34/36 MP: 5/5
   403 | D        | Paralysed by a floating eye for 3 turns
   411 | D        | Killed a necrophage
   411 | D        | Reached skill level 7 in Maces & Flails
   413 | D        | Killed a floating eye
   413 | D        | Reached skill level 8 in Maces & Flails
   413 | D        | Reached XP level 6. HP: 44/44 MP: 6/6
   541 | D        | Reached ***** piety under Makhleb
   541 | D        | Reached skill level 9 in Maces & Flails
   544 | D        | Noticed a sky beast
   544 | D        | Noticed a porcupine
   553 | D        | Reached XP level 7. HP: 29/48 MP: 7/7
   564 | D        | Reached skill level 10 in Maces & Flails
   718 | D        | Noticed a wraith
   720 | D        | Noticed a polar bear
   758 | D        | Killed a wraith
   758 | D        | Reached skill level 11 in Maces & Flails
   758 | D        | Reached XP level 8. HP: 38/56 MP: 8/8
   760 | D        | Reached ****** piety under Makhleb
   768 | D        | Slain by a polar bear

Levels and vault maps discovered:
D:        pitsprint [storerooms_1, entrance_room_1, metal_vault_8, armoury_2,
          mini_pit_1, grid_room_1, main_hall_1, silver_pit, the_coven_3,
          the_vestibule_1, steel_vault_3, golden_pit, hallway_of_sentries,
          crystal_vault_6, iron_vault_2, final_vault]

Skill      XL: |  1  2  3  4  5  6  7 |
---------------+----------------------+-----
Maces & Flails | 3 4 6 8 9 11 | 11.0
Fighting       | 4 5 7 9 |  9.2
Armour         | 4 5 7 9 |  9.1
Shields        | 4 5 7 9 |  9.1

Action                   |  1- 3 |  4- 6 |  7- 9 || total
-------------------------+-------+-------+-------++-------
Melee: Hand axe          |    32 |       |       ||    32
       Flail             |     1 |       |       ||     1
       Mace              |    12 |    29 |    56 ||    97
Armor: Scale mail        |    27 |     9 |    35 ||    71
Dodge: Dodged            |    15 |     4 |    13 ||    32
Block: Shield            |    15 |    10 |    25 ||    50
